 Dungeon Crawl Stone Soup version 0.31-a0-370-g25055926c8 (webtiles) character file.

Game seed: 15697812623172126078

277 AdnanSaban the Covered (level 6, -3/39 HPs)
             Began as a Gargoyle Fighter on July 29, 2023.
             Slain by Edmund
             ... wielding a +2 dire flail of draining
              (5 damage)
             ... on level 4 of the Dungeon.
             The game lasted 00:02:53 (2924 turns).

AdnanSaban the Covered (Gargoyle Fighter)           Turns: 2924, Time: 00:02:54

Health: -3/39      AC: 18    Str: 21    XL:     6   Next: 26%
Magic:  6/6        EV: 21    Int:  9    God:
Gold:   54         SH:  4    Dex:  9    Spells: 5/5 levels left

rFire   . . .        a - +0 flail
rCold   . . .        c - +0 buckler
rNeg    + . .        q - +0 plate armour
rPois   ∞            (no helmet)
rElec   +            (no cloak)
rCorr   .            h - +0 pair of gloves
SInv    .            k - +0 pair of boots
Will    .....        t - amulet of the acrobat Stlth
                     (no ring)
HPRegen 0.26/turn    (no ring)
MPRegen 0.10/turn

%: acrobat
@: acrobatic
A: sickness immunity, AC +4, negative energy resistance 1, electricity
resistance, torment resistance 1, petrification resistance
a: no special abilities


You were on level 4 of the Dungeon.
You visited 1 branch of the dungeon, and saw 4 of its levels.

You collected 54 gold pieces.

Inventory:

Hand Weapons
 a - a +0 flail (weapon)
Missiles
 l - an atropa-tipped dart (quivered)
Armour
 c - a +0 buckler (worn)
 h - a +0 pair of gloves (worn)
 k - a +0 pair of boots (worn)
 q - a +0 plate armour (worn)
Jewellery
 t - an amulet of the acrobat (around neck)
Wands
 w - a wand of polymorph (9)
Scrolls
 b - a scroll of identify {unknown}
 g - a scroll of amnesia {unknown}
 i - a scroll of enchant weapon {unknown}
 j - 2 scrolls of blinking {unknown}
 m - a scroll of butterflies {unknown}
 o - a scroll of poison {unknown}
 r - a scroll of revelation {unknown}
 y - a scroll of torment {unknown}
Potions
 d - a potion of might
 e - a potion of curing {unknown}
 f - 3 potions of brilliance {unknown}
 n - a potion of heal wounds {unknown}
 p - a potion of attraction {unknown}
 s - 2 potions of resistance {unknown}
 u - a potion of degeneration {unknown}
 v - 2 potions of cancellation {unknown}
 x - a potion of magic {unknown}


   Skills:
 + Level 4.3 Fighting
 + Level 4.1 Maces & Flails
 + Level 4.6 Armour
 + Level 0.7 Dodging
 + Level 4.1 Shields


You had 5 spell levels left.
You didn't know any spells.
Your spell library contained the following spells:

 Spells                   Type           Power      Damage    Failure   Level
 Apportation              Tloc           0%         N/A       100%        1
 Freeze                   Ice            0%         1d3       100%        1
 Necrotise                Necr           0%         1d4       100%        1
 Summon Small Mammal      Summ           0%         N/A       100%        1
 Frozen Ramparts          Ice            0%         1d1       100%        3
 Hailstorm                Conj/Ice       0%         3d3       100%        3
 Petrify                  Tmut/Erth      0%         N/A       100%        4
 Alistair's Intoxication  Tmut/Pois      0%         N/A       100%        5
 Summon Mana Viper        Hex/Summ       0%         N/A       100%        5
 Summon Cactus Giant      Summ           0%         N/A       100%        6


Dungeon Overview and Level Annotations

Branches:
Dungeon (4/15)
 Temple: D:4-7

Altars:

Shops:
D:2 :   D:3 (

Portals:
Abyss: D:4

Annotations:
D:4 2 transporters, Edmund; Grinder; Morbidden's ghost, novice FoHu


Innate Abilities, Weirdness & Mutations

You are immune to sickness and miasma.
Your stone body is resilient. (AC +4)
You are immune to poison.
You resist negative energy. (rN+)
You are resistant to electric shocks. (rElec)
You are resistant to unholy torment.
You are immune to petrification.


Message History

You hit Edmund but do no damage.
Edmund is lightly wounded.
Edmund hits you with a +2 dire flail of draining!
You closely miss Edmund.
Edmund is lightly wounded.
Edmund hits you but does no damage.
You barely miss Edmund.
Edmund is lightly wounded.
Edmund hits you with a +2 dire flail of draining.
You hit Edmund but do no damage.
Edmund is lightly wounded.
Edmund hits you but does no damage.
You hit Edmund.
Edmund is lightly wounded.
Edmund hits you with a +2 dire flail of draining!
Edmund hits you with a +2 dire flail of draining.
You barely miss Edmund.
Edmund is lightly wounded.
Edmund barely misses you.
You closely miss Edmund.
Edmund is lightly wounded.
Edmund hits you with a +2 dire flail of draining!
* * * LOW HITPOINT WARNING * * *
You barely miss Edmund.
Edmund is lightly wounded.
Edmund says, "A flail is better than a scythe, any day of the week!"
Edmund hits you but does no damage.
You thump Edmund!
Edmund is heavily wounded.
Edmund hits you but does no damage.
You barely miss Edmund.
Edmund is heavily wounded.
Edmund hits you but does no damage. x2
You closely miss Edmund.
Edmund is heavily wounded.
Edmund hits you with a +2 dire flail of draining!
* * * LOW HITPOINT WARNING * * *
Edmund attacks as you move away!
Edmund hits you with a +2 dire flail of draining.
You die...

##### ######### ....#
#.......# ....# #.......#
....#######.......#######
...................(....(
....#######.....@@#######
..................#
..................#
............#########
......####### #....#
............####....# #..
......##......##....#######.#
......###...#.##.^..#.....#.#
......# #####.##....#.....#.#
#


You could see Edmund.

Vanquished Creatures
  A hound (D:4)
  A gnoll bouda (D:3)
  Jessica (D:2)
  Natasha (thrice) (D:2)
  3 adders
  4 gnolls
  A worm (D:3)
  A dart slug (D:4)
  An orc (D:3)
  6 ball pythons
  3 bats
  2 endoplasms
  3 giant cockroaches
  7 goblins
  4 hobgoblins
  4 frilled lizards
  5 kobolds
  3 rats
53 creatures vanquished.

Notes
Turn   | Place    | Note
-------+----------+-------------------------------------------
     0 | D:1      | AdnanSaban the Gargoyle Fighter began the quest for the
                  | Orb.
     0 | D:1      | Reached XP level 1. HP: 14/14 MP: 1/1
    79 | D:1      | Reached XP level 2. HP: 13/19 MP: 2/2
   505 | D:2      | Got Datoos's Secrets of Suicidal Tendencies
   585 | D:2      | Noticed Natasha
   596 | D:2      | Killed Natasha
   597 | D:2      | Reached XP level 3. HP: 10/24 MP: 3/3
   696 | D:2      | Found Buer Xyb's Book Shop.
   948 | D:2      | Noticed Jessica
   957 | D:2      | Killed Jessica
   958 | D:2      | Reached XP level 4. HP: 29/29 MP: 4/4
  1160 | D:2      | Noticed Natasha
  1164 | D:2      | Killed Natasha
  1442 | D:2      | Noticed Natasha
  1459 | D:2      | Killed Natasha
  1460 | D:2      | Reached XP level 5. HP: 33/33 MP: 5/5
  1924 | D:3      | Found Otyrghorr's Antique Weapon Boutique.
  2043 | D:3      | Found a faded altar of an unknown god.
  2277 | D:4      | Noticed Grinder
  2287 | D:4      | Paralysed by Grinder for 5 turns
  2399 | D:3      | Reached XP level 6. HP: 17/39 MP: 6/6
  2578 | D:4      | Found a transporter.
  2697 | D:4      | Found a transporter.
  2787 | D:4      | Noticed Morbidden's ghost (novice FoHu)
  2798 | D:4      | Found a one-way gate to the infinite horrors of the Abyss.
  2904 | D:4      | Noticed Edmund
  2922 | D:4      | HP: 1/39 [Edmund/+2 dire flail of draining (7)]
  2924 | D:4      | Slain by Edmund

Illustrated notes

Levels and vault maps discovered:
D:1:      lightli_arrival_statuegarden, layout_rooms, kennysheep_pointless_box
D:2:      layout_loops_corners, serial_shops, shop, uniq_jessica, uniq_natasha
D:3:      layout_loops_cross, ebering_ecumenical_altar_hall, serial_shops,
          nicolae_shop_overgrown_old_shop, dk_vineyard_1
D:4:      layout_basic, gammafunk_ghost_abyssal_escape, uniq_grinder,
          uniq_edmund

Skill      XL: |  1  2  3  4  5 |
---------------+----------------+-----
Fighting       | 4 |  4.3
Armour         | 4 |  4.6
Maces & Flails | 3 4 |  4.1
Shields        | 4 |  4.1
Dodging        | |  0.7

Action                     |  1- 3 |  4- 6 || total
---------------------------+-------+-------++-------
  Melee: Flail             |    54 |   162 ||   216
  Throw: Dart              |       |     3 ||     3
 Armour: Scale mail        |    35 |       ||    35
         Chain mail        |     7 |     2 ||     9
         Plate armour      |       |   131 ||   131
  Dodge: Dodged            |    23 |    51 ||    74
  Block: Buckler           |    17 |    26 ||    43

Table legend: (Time is in decaauts)
 A = Elapsed time spent in this place.
 B = Non-inter-level travel time spent in this place.
 C = Inter-level travel time spent in this place.
 D = Time resting spent in this place.
 E = Time spent auto-exploring this place.
 F = Levels seen in this place.
 G = Mean time per level.
                   A        B        C        D        E       F      G
               +--------+--------+--------+--------+--------+-----+--------+
         Total |   2987 |   2834 |    153 |    130 |   2136 |   4 |  746.8 |
       Dungeon |   2987 |   2834 |    153 |    130 |   2136 |   4 |  746.8 |
               +--------+--------+--------+--------+--------+-----+--------+

Top non-repeatable levels by time:
     D:2: 1068 daAuts
     D:3: 965 daAuts
     D:1: 477 daAuts
     D:4: 476 daAuts
